 Dungeon Crawl Stone Soup version 0.31.0-12-g77e489cdc1 (webtiles) character file.

Game seed: 17996613644825118802

473 jagang the Ducker (level 7, -1/56 HPs)
             Began as a Gnoll Gladiator on Feb 16, 2024.
             Slain by a killer bee (5 damage)
             ... on level 4 of the Dungeon.
             The game lasted 00:06:33 (2915 turns).

jagang the Ducker (Gnoll Gladiator)                 Turns: 2915, Time: 00:06:35

Health: -1/56      AC: 12    Str: 13    XL:     7   Next: 10%
Magic:  10/10      EV:  9    Int: 10    God:
Gold:   173        SH:  0    Dex: 15    Spells: 10/10 levels left

rFire   + + .        s - +3 dagger of the Everdark {venom, rF+ Will+ Int+2}
rCold   + . .        (no shield)
rNeg    + . .        q - +0 chain mail
rPois   +            c - +0 helmet
rElec   +            r - +1 cloak {Stlth+}
rCorr   +            (no gloves)
SInv    .            (no boots)
Will    ++...        f - amulet of regeneration Stlth
                     k - ring of positive energy
HPRegen 1.09/turn    (no ring)
MPRegen 0.12/turn

%: no passive effects
@: lethally poisoned (-1 -> -6), resistant, enlightened, flying
A: fangs 1, strong nose, distributed training
a: no special abilities


You were on level 4 of the Dungeon.
You visited 1 branch of the dungeon, and saw 5 of its levels.

You collected 173 gold pieces.

Inventory:

Hand Weapons
 a - a +0 long sword
 g - a +4 dagger
 s - the +3 dagger of the Everdark (weapon) {venom, rF+ Will+ Int+2}
   (You found it on level 2 of the Dungeon)

   Int+2:     It affects your intelligence (+2).
   rF+:       It protects you from fire.
   Will+:     It increases your willpower.
Missiles
 d - a throwing net (quivered)
 e - a javelin
 i - 11 poisoned darts
 p - 4 boomerangs
Armour
 c - a +0 helmet (worn)
 q - a +0 chain mail (worn)
 r - a +1 cloak of stealth (worn)
Jewellery
 f - an amulet of regeneration (around neck)
 k - a ring of positive energy (left hand)
Scrolls
 h - 6 scrolls of identify {unknown}
 n - 2 scrolls of noise {unknown}
 o - 2 scrolls of immolation {unknown}
 t - 3 scrolls of vulnerability {unknown}
 u - a scroll of brand weapon {unknown}
 v - 3 scrolls of silence {unknown}
 w - a scroll of poison {unknown}
 x - a scroll of teleportation {unknown}
 y - a scroll of revelation {unknown}
Potions
 b - a potion of enlightenment
 j - a potion of curing {unknown}
 m - a potion of resistance
 z - a potion of lignification {unknown}


   Skills:
 + Level 5.2 Fighting
 + Level 2.3 Short Blades
 + Level 7.0 Long Blades
 + Level 2.3 Axes
 + Level 2.3 Maces & Flails
 + Level 2.3 Polearms
 + Level 2.3 Staves
 + Level 2.3 Ranged Weapons
 + Level 5.2 Throwing
 + Level 2.3 Armour
 + Level 7.0 Dodging
 + Level 2.3 Stealth
 + Level 2.3 Shields
 + Level 2.3 Unarmed Combat
 + Level 2.3 Spellcasting
 + Level 1.9 Conjurations
 + Level 1.9 Hexes
 + Level 1.9 Summonings
 + Level 1.9 Necromancy
 + Level 1.9 Translocations
 + Level 1.9 Fire Magic
 + Level 1.9 Ice Magic
 + Level 1.9 Air Magic
 + Level 1.9 Earth Magic
 + Level 1.9 Alchemy
 + Level 2.6 Invocations
 + Level 2.3 Evocations
 + Level 2.1 Shapeshifting


You had 10 spell levels left.
You didn't know any spells.
Your spell library was empty.

Dungeon Overview and Level Annotations

Branches:
Dungeon (5/15)
 Temple: D:4-7

Altars:


Innate Abilities, Weirdness & Mutations

You have very sharp teeth.
Your uncanny sense of smell can sniff out nearby items.
Your experience applies equally to all skills.


Message History

You are more poisoned.
The killer bee poisons you! The killer bee barely misses you.
You miss the killer bee.
You bite the killer bee, but do no damage.
You feel very sick.
The killer bee stings you but does no damage.
The killer bee stings you.
You are more poisoned.
The killer bee poisons you!
The killer bee stings you but does no damage.
It was a potion of resistance.
You feel protected.
* * * LOW HITPOINT WARNING * * *
You feel very sick.
The killer bee stings you but does no damage. x5
The killer bee stings you.
* * * LOW HITPOINT WARNING * * *
You feel much better.
You feel very sick. The killer bee stings you. The killer bee misses you.
The killer bee stings you but does no damage.
The killer bee stings you. The killer bee closely misses you.
The killer bee stings you but does no damage.
Throw: 2 throwing nets
Press: ? - help, Q - select action, (/) - cycle Shift-Dir - straight line, f - killer bee
Aim: a killer bee (31% to hit)
You throw a throwing net. The throwing net misses the killer bee.
You feel very sick. The killer bee stings you.
The killer bee stings you but does no damage.
The killer bee closely misses you. The killer bee stings you. x2
* * * LOW HITPOINT WARNING * * *
The killer bee stings you but does no damage.
You miss the killer bee.
You feel very sick.
The killer bee stings you but does no damage. x3
The killer bee stings you.
* * * LOW HITPOINT WARNING * * *
The killer bee barely misses you. The killer bee stings you.
You die...

#.#..)......#..##.
#...######....####
#.### ##.......#
#.# ####......#..
######.........##.
##...##.####.###
#..##...# #.#
####.###.### #.#
#.@y....(# #.#
#†yy.##### #.###
#....# #...#
#....# ###.#
#...## #.. #[..#
### #...# #...#
#...#


You could see 3 killer bees.

Vanquished Creatures
  A killer bee (D:4)
  A howler monkey (D:4)
  A bombardier beetle (D:4)
  2 hounds (D:4)
  Crazy Yiuf (D:2)
  2 iguanas (D:4)
  An orc wizard (D:4)
  3 gnolls (D:3)
  5 adders
  A dart slug (D:2)
  2 ribbon worms (D:4)
  13 orcs
  11 endoplasms
  2 giant cockroaches
  7 goblins
  6 hobgoblins
  11 jackals
  11 kobolds
  4 quokkas
  6 ball pythons
  9 bats
  4 frilled lizards
  9 rats
113 creatures vanquished.

Notes
Turn   | Place    | Note
-------+----------+-------------------------------------------
     0 | D:1      | jagang the Gnoll Gladiator began the quest for the Orb.
     0 | D:1      | Reached XP level 1. HP: 20/20 MP: 1/1
   112 | D:1      | Reached XP level 2. HP: 26/26 MP: 2/2
   344 | D:1      | Reached XP level 3. HP: 31/31 MP: 3/3
   635 | D:1      | Reached skill level 1 in Invocations
   915 | D:2      | Reached skill level 1 in Short Blades
   915 | D:2      | Reached skill level 1 in Axes
   915 | D:2      | Reached skill level 1 in Maces & Flails
   915 | D:2      | Reached skill level 1 in Polearms
   915 | D:2      | Reached skill level 1 in Staves
   915 | D:2      | Reached skill level 1 in Ranged Weapons
   915 | D:2      | Reached skill level 1 in Armour
   915 | D:2      | Reached skill level 1 in Stealth
   915 | D:2      | Reached skill level 1 in Shields
   915 | D:2      | Reached skill level 1 in Unarmed Combat
   915 | D:2      | Reached skill level 1 in Spellcasting
   915 | D:2      | Reached skill level 1 in Evocations
  1096 | D:2      | Found a runed translucent door.
  1097 | D:2      | Noticed Crazy Yiuf
  1182 | D:2      | Reached skill level 1 in Shapeshifting
  1182 | D:2      | Reached XP level 4. HP: 31/38 MP: 5/5
  1230 | D:2      | Identified the +3 dagger of the Everdark {venom, rF+ Will+
                  | Int+2}
  1422 | D:2      | Killed Crazy Yiuf
  1423 | D:2      | Reached skill level 1 in Conjurations
  1423 | D:2      | Reached skill level 1 in Hexes
  1423 | D:2      | Reached skill level 1 in Summonings
  1423 | D:2      | Reached skill level 1 in Necromancy
  1423 | D:2      | Reached skill level 1 in Translocations
  1423 | D:2      | Reached skill level 1 in Fire Magic
  1423 | D:2      | Reached skill level 1 in Ice Magic
  1423 | D:2      | Reached skill level 1 in Air Magic
  1423 | D:2      | Reached skill level 1 in Earth Magic
  1423 | D:2      | Reached skill level 1 in Alchemy
  1837 | D:3      | Reached XP level 5. HP: 42/43 MP: 7/7
  2580 | D:4      | Reached XP level 6. HP: 50/50 MP: 8/8
  2620 | D:4      | Reached skill level 5 in Fighting
  2620 | D:4      | Reached skill level 5 in Throwing
  2857 | D:4      | Reached XP level 7. HP: 54/56 MP: 10/10
  2902 | D:5      | Entered Level 5 of the Dungeon
  2915 | D:4      | Slain by a killer bee

Illustrated notes

Levels and vault maps discovered:
D:1:      elethiomel_arrival_infinity_welcomes_careful_drivers, layout_basic,
          dk_noncrumbling_4, kennysheep_boxes
D:2:      layout_basic, uniq_crazy_yiuf_cottage
D:3:      layout_basic, grunt_ministairs_6
D:4:      layout_rooms, minmay_quadrilaterals
D:5:      layout_cave_pods, kennysheep_mini, serial_shops,
          nicolae_shop_behind_doors, serial_glass, glass_columns_c,
          glass_columns_b, glass_columns_b, glass_columns_b, uniq_duvessa,
          uniq_menkaure

Skill      XL: |  1  2  3  4  5  6  7 |
---------------+----------------------+-----
Invocations    | 1 2 |  2.6
Short Blades   | 1 2 |  2.3
Axes           | 1 2 |  2.3
Maces & Flails | 1 2 |  2.3
Polearms       | 1 2 |  2.3
Staves         | 1 2 |  2.3
Ranged Weapons | 1 2 |  2.3
Armour         | 1 2 |  2.3
Stealth        | 1 2 |  2.3
Shields        | 1 2 |  2.3
Unarmed Combat | 1 2 |  2.3
Spellcasting   | 1 2 |  2.3
Evocations     | 1 2 |  2.3
Shapeshifting  | 1 2 |  2.1
Conjurations   | 1 |  1.9
Hexes          | 1 |  1.9
Summonings     | 1 |  1.9
Necromancy     | 1 |  1.9
Translocations | 1 |  1.9
Fire Magic     | 1 |  1.9
Ice Magic      | 1 |  1.9
Air Magic      | 1 |  1.9
Earth Magic    | 1 |  1.9
Alchemy        | 1 |  1.9
Fighting       | 5 |  5.2
Throwing       | 5 |  5.2
Long Blades    | 7 |  7.0
Dodging        | 7 |  7.0

Action                     |  1- 3 |  4- 6 |  7- 9 || total
---------------------------+-------+-------+-------++-------
  Melee: Long sword        |   124 |    15 |       ||   139
         Bite              |     9 |    36 |     1 ||    46
         Dagger            |       |   199 |     6 ||   205
         Punch             |       |     8 |       ||     8
  Throw: Throwing net      |       |     2 |     1 ||     3
    Use: Potion            |       |       |     4 ||     4
   Stab: Sleeping          |     3 |       |       ||     3
 Armour: Leather armour    |    63 |       |       ||    63
         Chain mail        |       |   164 |    45 ||   209
  Dodge: Dodged            |    99 |    86 |    23 ||   208
